 Dungeon Sprint DCSS version 0.29-a0-911-g88e6f02907 (webtiles) character file.

Game seed: 9073052215011302734

125 rocky1 the Digger (level 4, -1/33 HPs)
             Began as a Draconian Earth Elementalist on July 26, 2022.
             Was a Believer of Sif Muna.
             Slain by a water moccasin (2 damage)
             ... in the Dungeon (Sprint VII: "The Pits").
             The game lasted 00:02:29 (231 turns).

rocky1 the Digger (Draconian Earth Elementalist)     Turns: 231, Time: 00:02:30

Health: -1/33      AC:  5    Str: 10    XL:     4   Next: 82%
Magic:  1/11       EV: 12    Int: 17    God:    Sif Muna [**....]
Gold:   0          SH:  0    Dex: 12    Spells: 12/13 levels left

rFire   . . .      SeeInvis .   k - +0 quarterstaff (speed)
rCold   . . .      Faith    .   (shield currently unavailable)
rNeg    . . .      Spirit   .   (body armour unavailable)
rPois   .          Reflect  .   (helmet restricted)
rElec   .          Harm     .   (no cloak)
rCorr   .          Rampage  .   (no gloves)
Will    .....      NoTele   +   (no boots)
Stlth   ++........              (no amulet)
HPRegen 0.11/turn               (no ring)
MPRegen 0.12/turn               (no ring)

@: lethally poisoned (-1 -> -18)
A: AC +5, unfitting armour, cold-blooded
a: Renounce Religion, Channel Magic


You were in the Dungeon.
You worshipped Sif Muna.
Sif Muna was pleased with you.
You visited 1 branch

Inventory:

Hand Weapons
 k - a +0 quarterstaff of speed (weapon)
Scrolls
 f - a scroll of blinking
 h - 5 scrolls of amnesia
 i - a scroll of summoning
Potions
 a - 5 potions of magic
 b - 5 potions of curing
 c - 3 potions of heal wounds
 d - a potion of haste
 e - 2 potions of berserk rage
 g - 2 potions of invisibility


   Skills:
 - Level 1.7 Dodging
 - Level 1.7 Stealth
 + Level 5.1 Spellcasting
 + Level 5.2 Transmutations
 + Level 6.0 Earth Magic
 + Level 3.1 Invocations


You had 12 spell levels left.
You knew the following spells:

 Your Spells              Type           Power      Damage    Failure   Level
a - Sandblast             Erth           48%        2d12      1%          1

Your spell library contained the following spells:

 Spells                   Type           Power      Damage    Failure   Level
 Passwall                 Tmut/Erth      19%        N/A       1%          2
 Stone Arrow              Conj/Erth      28%        3d8       12%         3
 Petrify                  Tmut/Erth      23%        N/A       14%         4


Dungeon Overview and Level Annotations

Branches:
Dungeon (1/1)

Altars:
Ashenzari
Cheibriados
Dithmenos
Elyvilon
Fedhas
Gozag
Hepliaklqana
Kikubaaqudgha
Makhleb
Nemelex Xobeh
Okawaru
Qazlal
Ru
Sif Muna
Trog
Uskayaw
Vehumet
Wu Jian
Xom
Yredelemnul
Zin
The Shining One
Jiyva
Lugonu


Innate Abilities, Weirdness & Mutations

Your plain brown scales are hard. (AC +5)
You cannot fit into any form of body armour.
You are cold-blooded and may be slowed by cold attacks.


Message History

The hound is lightly wounded.
You feel extremely sick. The water moccasin misses you.
The water moccasin bites you!
Casting: Sandblast (safe; 1% risk of failure)
Confirm with . or Enter, or press ? or * to list all spells.
Aiming: Sandblast (safe; 1% risk of failure)
Press: ? - help, Shift-Dir - straight line, f/p - water moccasin
Aim: a water moccasin (heavily wounded, 68% to hit)
The blast of sand misses the water moccasin.
The blast of sand hits the warg.
The warg is heavily wounded.
You feel very sick. The water moccasin barely misses you.
The water moccasin bites you.
The water moccasin bites you but does no damage.
Casting: Sandblast (safe; 1% risk of failure)
Confirm with . or Enter, or press ? or * to list all spells.
Aiming: Sandblast (safe; 1% risk of failure)
Press: ? - help, Shift-Dir - straight line, f/p - water moccasin
Aim: a water moccasin (heavily wounded, 68% to hit)
The blast of sand hits the water moccasin!
The water moccasin is almost dead.
You feel very sick.
The water moccasin bites you but does no damage.
The water moccasin closely misses you. The water moccasin misses you.
Casting: Sandblast (safe; 1% risk of failure)
Confirm with . or Enter, or press ? or * to list all spells.
Aiming: Sandblast (safe; 1% risk of failure)
Press: ? - help, Shift-Dir - straight line, f/p - water moccasin
Aim: a water moccasin (almost dead, 68% to hit)
The blast of sand misses the water moccasin.
The blast of sand hits the warg!
The warg is almost dead.
You feel sick. The water moccasin closely misses you.
The water moccasin bites you.
* * * LOW HITPOINT WARNING * * *
You are more poisoned.
The water moccasin poisons you!
A wight comes into view. It is wielding a +2 spear.
The water moccasin bites you.
You die...

#'#####'#####.....
#.#...#.#[[##.....
#.#...#.#))#####'#
#.#...†.#))##.....
#.##'####))##.....
#.#.)...#..##.....
#.#.....#'###...<.
#.#........##.....
#@#........##.....
#S###########.....


#hz ###### #hb# #..z ##.## .. .# You could see a warg, a water moccasin, a
hound, 2 wights and a bat.

Vanquished Creatures
  A centaur (D)
  An iron imp (D)
  A gnoll (D)
  An ufetubus (D)
  A ball python (D)
  A bat zombie (D)
  An endoplasm (D)
  A hobgoblin (D)
  A quokka (D)
  A rat (D)
10 creatures vanquished.

Notes
Turn   | Place    | Note
-------+----------+-------------------------------------------
     0 | D        | rocky1 the Draconian Earth Elementalist began the quest for
                  | the Orb.
     0 | D        | Reached XP level 1. HP: 14/14 MP: 3/3
    18 | D        | Found a bloodstained altar of Trog.
    18 | D        | Found a shimmering blue altar of Sif Muna.
    18 | D        | Found a viscous altar of Jiyva.
    18 | D        | Found a hazy altar of Hepliaklqana.
    18 | D        | Found an opulent altar of Gozag.
    19 | D        | Found a glowing golden altar of the Shining One.
    19 | D        | Found a glowing silver altar of Zin.
    19 | D        | Found a basalt altar of Yredelemnul.
    19 | D        | Found a shimmering altar of Xom.
    19 | D        | Found an ornate altar of the Wu Jian Council.
    19 | D        | Found a sacrificial altar of Ru.
    19 | D        | Found a stormy altar of Qazlal.
    19 | D        | Found an iron altar of Okawaru.
    19 | D        | Found a sparkling altar of Nemelex Xobeh.
    19 | D        | Found a burning altar of Makhleb.
    19 | D        | Found a blossoming altar of Fedhas.
    19 | D        | Found a white marble altar of Elyvilon.
    19 | D        | Found a shadowy altar of Dithmenos.
    19 | D        | Found a snail-covered altar of Cheibriados.
    21 | D        | Found a radiant altar of Vehumet.
    21 | D        | Found a corrupted altar of Lugonu.
    22 | D        | Found a hide-covered altar of Uskayaw.
    22 | D        | Found an ancient bone altar of Kikubaaqudgha.
    22 | D        | Found a broken altar of Ashenzari.
    24 | D        | Became a worshipper of Sif Muna the Loreminder
   101 | D        | Reached * piety under Sif Muna
   111 | D        | Reached skill level 4 in Earth Magic
   111 | D        | Reached XP level 2. HP: 20/20 MP: 3/6
   112 | D        | Reached ** piety under Sif Muna
   124 | D        | Reached skill level 5 in Earth Magic
   124 | D        | Reached XP level 3. HP: 26/26 MP: 1/8
   218 | D        | Noticed a warg
   218 | D        | Noticed a water moccasin
   218 | D        | Noticed a centaur
   220 | D        | Noticed a wight
   221 | D        | Killed a centaur
   221 | D        | Noticed a wight
   222 | D        | Reached skill level 5 in Spellcasting
   222 | D        | Reached skill level 5 in Transmutations
   222 | D        | Reached skill level 6 in Earth Magic
   222 | D        | Reached XP level 4. HP: 14/33 MP: 6/11
   231 | D        | HP: 1/33 [water moccasin (5)]
   231 | D        | Slain by a water moccasin

Illustrated notes

Levels and vault maps discovered:
D:        pitsprint [storerooms_1, entrance_room_1, metal_vault_2, armoury_2,
          mini_pit_1, grid_room_1, main_hall_1, silver_pit, the_coven_1,
          the_vestibule_1, steel_vault_4, golden_pit, hallway_of_sentries,
          crystal_vault_3, iron_vault_4, final_vault]

Skill      XL: |  1  2  3 |
---------------+----------+-----
Transmutations | 2 4 5 |  5.2
Spellcasting   | 3 4 5 |  5.1
Earth Magic    | 4 5 6 |  6.0
Invocations    | 3 |  3.1
Dodging        | |  1.7
Stealth        | |  1.7

Action                   |  1- 3 |  4- 6 || total
-------------------------+-------+-------++-------
Melee: Quarterstaff      |    12 |       ||    12
       Tailslap          |     1 |       ||     1
 Cast: Sandblast         |    10 |     7 ||    17
  Use: Potion            |     2 |     3 ||     5
Armor: Skin              |     3 |     4 ||     7
Dodge: Dodged            |    12 |    10 ||    22

Table legend: (Time is in decaauts)
 A = Elapsed time spent in this place.
 B = Non-inter-level travel time spent in this place.
 C = Inter-level travel time spent in this place.
 D = Time resting spent in this place.
 E = Time spent auto-exploring this place.
 F = Levels seen in this place.
 G = Mean time per level.
                   A        B        C        D        E       F      G
               +--------+--------+--------+--------+--------+-----+--------+
         Total |    255 |    235 |     20 |     77 |      0 |   1 |  255.0 |
       Dungeon |    255 |    235 |     20 |     77 |      0 |   1 |  255.0 |
               +--------+--------+--------+--------+--------+-----+--------+

Top non-repeatable levels by time:
       D: 255 daAuts
